 Dungeon Crawl Stone Soup version 0.30-a0-359-gd0147acb1a (webtiles) character file.

Game seed: 5044784377166318515

2384 LnG the Covert (level 9, -4/49 HPs)
             Began as a Kobold Summoner on Nov 13, 2022.
             Slain by a wyvern (17 damage)
             ... on level 7 of the Dungeon.
             The game lasted 00:19:15 (8321 turns).

LnG the Covert (Kobold Summoner)                    Turns: 8321, Time: 00:19:15

Health: -4/49      AC:  2    Str:  5    XL:     9   Next: 73%
Magic:  9/17       EV: 18    Int: 26    God:
Gold:   481        SH:  0    Dex: 16    Spells: 5/18 levels left

rFire   . . .      SeeInvis .    e - +3 dagger (freeze)
rCold   . . .      Faith    .    (no shield)
rNeg    . . .      Spirit   .    a - +0 robe
rPois   .          Reflect  .    (no helmet)
rElec   .          Harm     .    (no cloak)
rCorr   .          Rampage  .    (no gloves)
Will    .....                    (no boots)
Stlth   +++++.....               i - amulet of regeneration
HPRegen 1.08/turn                v - +6 ring of intelligence
MPRegen 0.15/turn                (no ring)

@: no status effects
A: small, no large weapons, nightstalker 3
a: no special abilities


You were on level 7 of the Dungeon.
You visited 2 branches of the dungeon, and saw 9 of its levels.

You collected 481 gold pieces.

Inventory:

Hand Weapons
 d - a +0 dagger
 e - a +3 dagger of freezing (weapon)
Armour
 a - a +0 robe (worn)
Jewellery
 i - an amulet of regeneration (around neck)
 v - a +6 ring of intelligence (left hand)
 w - the ring "Ronwinao" {Ice rElec Str+4 SInv}
   (You found it on level 7 of the Dungeon)

   [ring of ice]

   It enhances your ice magic.
   Str:       It affects your strength (+4).
   rF:        It makes you vulnerable to fire.
   rC:        It protects you from cold.
   rElec:     It insulates you from electricity.
   SInv:      It lets you see invisible.
Wands
 s - a wand of charming (2)
Scrolls
 c - 2 scrolls of teleportation
 m - 3 scrolls of noise
 n - a scroll of fog
 o - 3 scrolls of vulnerability
 t - a scroll of amnesia
Potions
 b - 3 potions of magic
 f - 2 potions of brilliance
 g - a potion of cancellation
 h - a potion of haste
 j - 4 potions of curing
 k - a potion of ambrosia
 l - a potion of invisibility
 p - a potion of mutation {unknown}
 q - a potion of degeneration {unknown}
 r - a potion of attraction {unknown}
 u - a potion of might {unknown}


   Skills:
 + Level 2.4 Fighting
 + Level 5.3 Short Blades
 * Level 7.5 Dodging
 * Level 10.0 Stealth
 + Level 5.3 Spellcasting
 + Level 0.8 Hexes
 + Level 6.1 Summonings
 + Level 0.4 Air Magic


You had 5 spell levels left.
You knew the following spells:

 Your Spells              Type           Power      Damage    Failure   Level
a - Summon Small Mammal   Summ           100%       N/A       1%          1
b - Call Imp              Summ           38%        N/A       1%          2
c - Call Canine Familiar  Summ           38%        N/A       1%          3
d - Summon Guardian Gole  Hex/Summ       24%        N/A       5%          3
e - Summon Lightning Spi  Summ/Air       23%        N/A       19%         4

Your spell library contained the following spells:

 Spells                   Type           Power      Damage    Failure   Level
 Magic Dart               Conj           24%        1d4       8%          1
 Searing Ray              Conj           12%        2d4       11%         2
 Inner Flame              Hex/Fire       9%         N/A       19%         3
 Cause Fear               Hex            5%         N/A       47%         4
 Fulminant Prism          Conj/Hex       4%         3d5       52%         4
 Discord                  Hex            5%         N/A       100%        8


Dungeon Overview and Level Annotations

Branches:
Dungeon (8/15)             Temple (1/1) D:4
   Lair: D:8-11

Altars:
Ashenzari
Cheibriados
Elyvilon
Fedhas
Hepliaklqana
Okawaru
Qazlal
Ru
Sif Muna
Trog
Uskayaw
Vehumet
Wu Jian
Yredelemnul
The Shining One

Annotations:
D:4 1 runed translucent door, Crazy Yiuf


Innate Abilities, Weirdness & Mutations

You are small and have problems with some larger weapons.
You are completely attuned to the shadows.


Message History

The wyvern bites you!
Your hound misses the orc priest. The orc priest hits you with a +0 whip.
The orc completely misses you. The wyvern closely misses you.
Unknown command.
Your hound bites the orc priest.
Your lightning spire shoots out a bolt of lightning at the orc!
The bolt of electricity hits the wyvern!
The bolt of electricity hits the orc.
You hit the wyvern but do no damage.
The wyvern is moderately wounded.
The wyvern bites you.
Your hound closely misses the orc.
The orc priest hits your lightning spire but does no damage.
You hit the wyvern but do no damage.
The wyvern is moderately wounded.
The wyvern barely misses you.
Your crimson imp completely misses the orc priest.
Your hound bites the orc.
You hit the wyvern but do no damage.
The wyvern is moderately wounded.
The wyvern barely misses you. The orc priest completely misses you.
Your hound bites the orc but does no damage.
Your crimson imp hits the orc priest.
Your lightning spire shoots out a bolt of lightning at the orc!
The bolt of electricity hits the wyvern.
The bolt of electricity hits the orc!
The orc dies!
The wyvern bites your lightning spire!
Your Stealth skill increases to level 10!
You hit the wyvern. You freeze the wyvern.
The wyvern is severely wounded.
Your hound misses the wyvern. The orc priest hits you with a +0 whip.
The wyvern bites you!
* * * LOW HITPOINT WARNING * * *
Your crimson imp hits the orc priest.
Unknown command.
You closely miss the wyvern.
The wyvern is severely wounded.
Your hound bites the wyvern but does no damage.
The wyvern bites you!
You die...

#####.#..~...~..#.....##.###..#..
.....#...~._.~...#....##......#..
#####.#..~...~..#.....##..###.'..
##.#..~~~..#.)....##..#...#).
#..#######.......##..#.#.#..
#....................#.#.##.
#......)..>)h5.........#..##
#######.###lo......#.#.#.### ###
#.# #@8........#...... ..#
#.#########.##.###.### ..#
#.#.....)......#.#.# ..#
#.#.#.#.##.#.....#.## ..#
#.#.#...#........#..# ..#
#.#.#...............# ..#
#.#.................# ..#
#.###.#...#########.## ..# #.#
#.#.###...........


You could see a wyvern (ally target), an orc priest (ally target), a friendly
lightning spire (summoned), a friendly hound (summoned) and a friendly crimson
imp (summoned).

Vanquished Creatures
  2 yaks
  3 ice beasts
  2 ogres
  A centaur (D:5)
  A kobold brigand (D:7)
  2 necrophages
  3 killer bees (D:7)
  2 hounds
  2 orc priests (D:5)
  2 iguanas
  Ijyb (D:4)
  6 orc wizards
  Natasha (thrice) (D:4)
  Robin (D:4)
  A gnoll (D:4)
  5 adders
  An ufetubus (D:5)
  A worm (D:3)
  2 dart slugs
  9 orcs
  A bat (D:1)
  2 endoplasms (D:4)
  A giant cockroach (D:1)
  12 goblins
  5 hobgoblins
  5 jackals (D:4)
  10 kobolds
  6 quokkas
  2 ball pythons
  6 frilled lizards
  7 rats
107 creatures vanquished.

Vanquished Creatures (collateral kills)
  An ogre (D:5)
  A necrophage (D:4)
  A scorpion (D:7)
  2 wights (D:7)
  3 killer bees (D:7)
  A gnoll bouda (D:7)
  An iguana (D:5)
  2 adders (D:3)
  3 gnolls (D:7)
  A shadow imp (D:5)
  A worm (D:2)
  3 orcs
  2 ball pythons (D:1)
  4 bats
  3 endoplasms (D:1)
  A giant cockroach (D:1)
  9 goblins
  5 hobgoblins
  7 jackals (D:4)
  2 quokkas
  2 frilled lizards
  2 kobolds (D:1)
  3 rats (D:1)
60 creatures vanquished.

Vanquished Creatures (others)
  A wight (D:7)
  An orc priest (D:6)
  An orc (D:6)
  30 plants
33 creatures vanquished.

Grand Total: 200 creatures vanquished

Notes
Turn   | Place    | Note
-------+----------+-------------------------------------------
     0 | D:1      | LnG the Kobold Summoner began the quest for the Orb.
     0 | D:1      | Reached XP level 1. HP: 10/10 MP: 3/3
   235 | D:1      | Reached XP level 2. HP: 15/15 MP: 1/5
   238 | D:1      | Learned a level 2 spell: Call Imp
   543 | D:1      | Reached skill level 3 in Stealth
   577 | D:1      | Reached XP level 3. HP: 19/19 MP: 3/6
   581 | D:1      | Learned a level 3 spell: Call Canine Familiar
  2069 | D:2      | Reached XP level 4. HP: 10/24 MP: 3/7
  2160 | D:2      | Found an iron altar of Okawaru.
  2334 | D:2      | Reached skill level 1 in Short Blades
  3330 | D:3      | Found a blossoming altar of Fedhas.
  3371 | D:3      | Reached skill level 4 in Stealth
  3458 | D:3      | Reached XP level 5. HP: 25/28 MP: 5/9
  4233 | D:4      | Found a staircase to the Ecumenical Temple.
  4252 | Temple   | Entered the Ecumenical Temple
  4334 | D:4      | Found a runed translucent door.
  4337 | D:4      | Noticed Crazy Yiuf
  4485 | D:4      | Reached skill level 5 in Stealth
  4485 | D:4      | Reached XP level 6. HP: 15/33 MP: 6/10
  4683 | D:4      | Noticed Robin
  4704 | D:4      | Killed Robin
  4773 | D:4      | Noticed Natasha
  4779 | D:4      | Killed Natasha
  4824 | D:4      | Reached skill level 6 in Stealth
  4852 | D:4      | Noticed Natasha
  4857 | D:4      | Killed Natasha
  4859 | D:4      | Noticed an ogre
  4863 | D:4      | Killed an ogre
  4864 | D:4      | Reached skill level 1 in Fighting
  4864 | D:4      | Reached XP level 7. HP: 38/38 MP: 11/11
  4888 | D:4      | Noticed Ijyb
  4904 | D:4      | Killed Ijyb
  4938 | D:4      | Noticed Natasha
  4952 | D:4      | Killed Natasha
  5086 | D:4      | Learned a level 3 spell: Summon Guardian Golem
  5114 | D:4      | Reached skill level 5 in Dodging
  5349 | D:5      | Entered Level 5 of the Dungeon
  5438 | D:5      | Reached skill level 7 in Stealth
  5550 | D:5      | Reached XP level 8. HP: 43/43 MP: 13/13
  5916 | D:5      | Reached skill level 5 in Summonings
  6059 | D:5      | Reached skill level 8 in Stealth
  6305 | D:6      | Noticed a yak
  6308 | D:6      | Noticed a yak
  6309 | D:6      | Killed a yak
  6786 | D:6      | Reached XP level 9. HP: 48/48 MP: 15/15
  6791 | D:6      | Learned a level 4 spell: Summon Lightning Spire
  6986 | D:5      | Reached skill level 5 in Short Blades
  7155 | D:7      | Reached skill level 9 in Stealth
  7373 | D:7      | Found a sacrificial altar of Ru.
  7593 | D:7      | Reached skill level 5 in Spellcasting
  7619 | D:7      | Identified the ring "Ronwinao" {Ice rElec Str+4 SInv}
  7622 | D:7      | Found a radiant altar of Vehumet.
  8320 | D:7      | Reached skill level 10 in Stealth
  8321 | D:7      | Slain by a wyvern

Illustrated notes

Levels and vault maps discovered:
D:1:      arrival_zaba_pyramid, layout_basic, serial_bayou,
          serial_bayou_crossing, serial_bayou_ford_a, serial_bayou_lagoon_a,
          serial_bayou_pond_a, serial_bayou_lake_a, serial_bayou_pond_b,
          wander_ebering_terrifying_dragon_lair
D:2:      layout_basic, basic_altar
D:3:      layout_loops_ring, mainiacjoe_overflow_24_doors, serial_rivers,
          chequers_serial_rivers_small_b, chequers_serial_rivers_marsh,
          chequers_serial_rivers_marsh, chequers_serial_rivers_micro_b,
          chequers_serial_rivers_small_b, chequers_big_river, minivault_25,
          minmay_cut_off
D:4:      kennysheep_six_static_rooms, layout_cave_pools,
          minmay_temple_entry_mist, minmay_misc_feat_four_crosses,
          hangedman_decor_diamond_cutter, uniq_natasha, uniq_crazy_yiuf_cottage,
          uniq_robin, uniq_ijyb
D:5:      layout_basic, minivault_1, minmay_lizard_king
D:6:      layout_loops_ring, hangedman_abyss_or_decor_lesser_grid,
          roderic_lattice_a, lightli_corner_chamber
D:7:      layout_basic, nicolae_ru_awakened_eye, nicolae_vehumet_altar_sigil
D:8:      layout_cave_pools, minmay_misc_feat_rows, eino_tiny_chamber,
          abandoned_shop, minmay_diamond_spiral, uniq_joseph, uniq_pikel
Temple:   minmay_freezing_vapour_temple

Skill      XL: |  1  2  3  4  5  6  7  8  9 |
---------------+----------------------------+-----
Stealth        | 3 4 5 6 7 8 10 | 10.0
Dodging        | 3 4 5 6 7 |  7.5
Short Blades   | 1 2 3 4 5 |  5.3
Spellcasting   | 3 4 5 |  5.3
Fighting       | 1 2 |  2.4
Summonings     | 5 6 |  6.1
Hexes          | |  0.8
Air Magic      | |  0.4

Action                   |  1- 3 |  4- 6 |  7- 9 || total
-------------------------+-------+-------+-------++-------
Melee: Unarmed           |    13 |       |       ||    13
       Dagger            |    89 |   147 |   236 ||   472
       Short sword       |     2 |       |       ||     2
       Punch             |     1 |     1 |     6 ||     8
 Cast: Summon Small Mamm |    17 |     1 |       ||    18
       Call Imp          |     8 |     4 |     9 ||    21
       Call Canine Famil |     1 |     7 |    17 ||    25
       Summon Guardian G |       |       |     3 ||     3
       Summon Lightning  |       |       |     5 ||     5
  Use: Scroll            |     2 |     8 |     8 ||    18
       Potion            |       |     2 |     3 ||     5
 Stab: Sleeping          |     8 |    21 |    23 ||    52
       Distracted        |       |       |     1 ||     1
       Betrayed ally     |       |       |     1 ||     1
Armor: Robe              |    14 |    28 |    21 ||    63
Dodge: Dodged            |    68 |   140 |   194 ||   402

Table legend: (Time is in decaauts)
 A = Elapsed time spent in this place.
 B = Non-inter-level travel time spent in this place.
 C = Inter-level travel time spent in this place.
 D = Time resting spent in this place.
 E = Time spent auto-exploring this place.
 F = Levels seen in this place.
 G = Mean time per level.
                   A        B        C        D        E       F      G
               +--------+--------+--------+--------+--------+-----+--------+
         Total |   8363 |   8172 |    191 |    474 |   6177 |   9 |  929.2 |
       Dungeon |   8325 |   8134 |    191 |    474 |   6145 |   8 | 1040.6 |
        Temple |     37 |     37 |      0 |      0 |     32 |   1 |   37.0 |
               +--------+--------+--------+--------+--------+-----+--------+

Top non-repeatable levels by time:
     D:1: 1795 daAuts
     D:3: 1311 daAuts
     D:7: 1210 daAuts
     D:4: 1187 daAuts
     D:2: 1115 daAuts
     D:5: 996 daAuts
     D:6: 698 daAuts
  Temple: 37 daAuts
     D:8: 10 daAuts
